 Dungeon Crawl Stone Soup version 0.31-a0-521-gc7390f8997 (webtiles) character file.

Game seed: 12326516104037673139

457 Shayle the Trooper (level 7, -5/106 HPs)
             Began as an Ogre Shapeshifter on Aug 10, 2023.
             Killed from afar by a steam dragon (21 damage)
             ... with a ball of steam
             ... on level 7 of the Dungeon.
             The game lasted 00:07:40 (2816 turns).

Shayle the Trooper (Ogre Shapeshifter)              Turns: 2816, Time: 00:07:40

Health: -5/106     AC:  3    Str: 20    XL:     7   Next: 6%
Magic:  7/7        EV: 11    Int: 11    God:
Gold:   163        SH:  0    Dex: 15    Spells: 6/6 levels left

rFire   . .          .
                       - Unarmed
rCold   . . .        f - orb {*Rage}
rNeg    . . .        a - +0 animal skin
rPois   .            (helmet currently unavailable)
rElec   .            (cloak currently unavailable)
rCorr   .            (gloves unavailable)
SInv    +            (boots unavailable)
Will    .....        (no amulet) Stlth
                     h - +6 ring of dexterity
HPRegen 0.37/turn    p - ring of see invisible
MPRegen 0.10/turn

%: random rage (20%)
@: berserking (expiring), beast-form, very quick
A: beast (slay +2), large, unfitting armour, tough skin 1
a: Begin Untransformation


You were on level 7 of the Dungeon.
You were a hulking beast.
You visited 1 branch of the dungeon, and saw 5 of its levels.
You also visited: Ossuary.

You collected 163 gold pieces.

Inventory:

Hand Weapons
 i - a +2 dagger of venom
Armour
 a - a +0 animal skin (worn)
 f - an orb of wrath (worn)
 q - a +1 tower shield
Jewellery
 e - an amulet of magic regeneration
 h - a +6 ring of dexterity (left hand)
 p - a ring of see invisible (right hand)
Talismans
 c - a beast talisman (active)
 d - a flux talisman
Wands
 l - a wand of mindburst (11)
Scrolls
 b - 2 scrolls of identify
 o - 3 scrolls of fog {unknown}
 r - 5 scrolls of immolation
 s - a scroll of amnesia {unknown}
 v - a scroll of enchant weapon {unknown}
Potions
 g - a potion of heal wounds {unknown}
 k - a potion of might {unknown}
 m - 2 potions of enlightenment {unknown}
 n - 3 potions of curing
 t - 2 potions of mutation
 u - a potion of haste {unknown}


   Skills:
 + Level 4.7 Fighting
 + Level 3.6 Dodging
 + Level 4.2 Unarmed Combat
 + Level 4.1 Shapeshifting


You had 6 spell levels left.
You didn't know any spells.
Your spell library contained the following spells:

 Spells                   Type           Power      Damage    Failure   Level
 Sublimation of Blood     Necr           0%         N/A       47%         2
 Wereblood                Tmut           0%         N/A       47%         2
 Summon Hydra             Summ           0%         N/A       100%        7


Dungeon Overview and Level Annotations

Branches:
Dungeon (7/15)            Ossuary (visited)
 Temple: D:4-7

Altars:
Elyvilon
Nemelex Xobeh
Sif Muna


Innate Abilities, Weirdness & Mutations

You are a hulking beast.
Your limbs bulge with bestial killing power. (Slay +2)
You are too large for most types of armour.
You have tough skin. (AC +1)


Message History

The black bear misses you. The black bear closely misses you.
You punch the black bear!
The black bear is severely wounded.
The black bear bites you! The black bear claws you. x2
The mummy hits you but does no damage.
You barely miss the black bear.
The black bear is severely wounded.
The steam dragon closely misses you. x2; The black bear goes berserk!
You barely miss the black bear.
The black bear is severely wounded.
You punch the black bear!
You kill the black bear!
The steam dragon bites you! The steam dragon claws you. The mummy hits you!
You have reached level 7!
You hit the steam dragon.
The steam dragon is lightly wounded.
The steam dragon breathes steam at you. The ball of steam hits you!!
Unknown command.
You hit the steam dragon.
The steam dragon is lightly wounded.
You are engulfed in a cloud of scalding steam.
You hit the mummy.
The mummy is moderately damaged.
You are engulfed in a cloud of scalding steam.
The steam dragon bites you but does no damage.
The steam dragon claws you. The mummy closely misses you.
Unknown command.
You punch the mummy!
You destroy the mummy!
You are engulfed in a cloud of scalding steam.
The steam dragon bites you!
* * * LOW HITPOINT WARNING * * *
The steam dragon barely misses you.
You are engulfed in a cloud of scalding steam.
* * * LOW HITPOINT WARNING * * *
You feel a strong urge to attack something.
The steam dragon breathes steam at you. The ball of steam hits you!!
You die...

##### .#. #...##
#.... #.#..#......
.# #.##..# ...#
#.###.......
.....##.#.##.....>
........#..##.....
...####.'h†.##....
#.#.D## ....
##D#.## #$. #..###
#. ##..# #...#
##.........
#.........
##........


You could see a steam dragon (catching breath).

Vanquished Creatures
  A black bear (D:7)
  An orc priest (D:4)
  3 human zombies (Ossuary)
  Jessica (D:3)
  2 orc wizards
  5 mummies
  4 adders
  A worm (D:2)
  A dart slug (D:3)
  8 orcs
  7 ball pythons
  4 endoplasms
  A giant cockroach (D:1)
  4 goblins
  7 hobgoblins
  5 jackals
  6 kobolds
  4 quokkas
  A bat (D:2)
  3 frilled lizards
  2 goblin zombies (Ossuary)
  2 hobgoblin zombies (Ossuary)
  A kobold zombie (Ossuary)
  2 rats
76 creatures vanquished.

Vanquished Creatures (collateral kills)
  A rat (D:3)
1 creature vanquished.

Grand Total: 77 creatures vanquished

Notes
Turn   | Place    | Note
-------+----------+-------------------------------------------
     0 | D:1      | Shayle the Ogre Shapeshifter began the quest for the Orb.
     0 | D:1      | Reached XP level 1. HP: 19/19 MP: 1/1
   289 | D:1      | Reached XP level 2. HP: 28/28 MP: 2/2
   847 | D:2      | Reached XP level 3. HP: 35/35 MP: 3/3
  1054 | D:2      | Reached XP level 4. HP: 44/44 MP: 4/4
  1110 | D:2      | Found a white marble altar of Elyvilon.
  1587 | D:3      | Reached XP level 5. HP: 52/53 MP: 5/5
  1749 | D:3      | Found a shimmering blue altar of Sif Muna.
  1752 | D:3      | Found a sparkling altar of Nemelex Xobeh.
  2070 | D:3      | Noticed Jessica
  2077 | D:3      | Killed Jessica
  2354 | D:4      | You fall into a shaft and drop 3 floors!
  2364 | D:7      | Noticed a black bear
  2366 | D:7      | Noticed a steam dragon
  2373 | D:7      | Found a sand-covered staircase.
  2380 | Ossuary  | Entered an ossuary
  2463 | Ossuary  | Reached XP level 6. HP: 62/62 MP: 6/6
  2810 | D:7      | Killed a black bear
  2811 | D:7      | Reached XP level 7. HP: 58/71 MP: 7/7
  2816 | D:7      | Killed from afar by a steam dragon

Illustrated notes

Levels and vault maps discovered:
D:1:      nicolae_arrival_somewhat_less_tricky_arrival, layout_loops_cross,
          minmay_fountain_box
D:2:      layout_rooms, basic_altar, minmay_misc_feat_more_columns
D:3:      layout_basic, nicolae_overflow_squiral, hex_tiny, eino_tiny_chamber,
          serial_bayou_pond_e, uniq_jessica
D:4:      cheibrodos_pilgrimage, layout_loops_ring,
          grunt_dithmenos_smoke_and_mirrors, minmay_temple_entry_glassed_door,
          chequers_arboretum, chequers_decorated_corner
D:7:      layout_cave_pods, nicolae_uskayaw_dance_hall,
          gup_ossuary_entry_pyramid, chequers_serial_rivers_large_a,
          minivault_26

Skill      XL: |  1  2  3  4  5  6 |
---------------+-------------------+-----
Dodging        | 2 3 |  3.6
Fighting       | 2 3 4 |  4.7
Unarmed Combat | 3 4 |  4.2
Shapeshifting  | 4 |  4.1

Action                     |  1- 3 |  4- 6 |  7- 9 || total
---------------------------+-------+-------+-------++-------
  Melee: Unarmed           |    86 |   161 |     4 ||   251
    Use: Scroll            |       |     8 |       ||     8
         Potion            |       |     3 |       ||     3
   Stab: Sleeping          |     1 |       |       ||     1
 Armour: Animal skin       |    18 |    44 |     2 ||    64
         Skin              |       |    12 |       ||    12
  Dodge: Dodged            |    45 |    90 |     2 ||   137

Table legend: (Time is in decaauts)
 A = Elapsed time spent in this place.
 B = Non-inter-level travel time spent in this place.
 C = Inter-level travel time spent in this place.
 D = Time resting spent in this place.
 E = Time spent auto-exploring this place.
 F = Levels seen in this place.
 G = Mean time per level.
                   A        B        C        D        E       F      G
               +--------+--------+--------+--------+--------+-----+--------+
         Total |   2956 |   2868 |     88 |    398 |   1575 |   6 |  492.7 |
       Dungeon |   2502 |   2414 |     88 |    260 |   1543 |   5 |  500.4 |
       Ossuary |    453 |    453 |      0 |    137 |     32 |   1 |  453.0 |
               +--------+--------+--------+--------+--------+-----+--------+

Top non-repeatable levels by time:
     D:3: 924 daAuts
     D:1: 816 daAuts
     D:2: 531 daAuts
 Ossuary: 453 daAuts
     D:4: 196 daAuts
     D:7: 34 daAuts
